PCL
SALT LAKE BEES @ RENO ACES
08/25/2098
 
TOP OF THE 1ST
Salt Lake Bees batting - Pitching for Reno Aces : LHP Elijah Jones
Pitching: LHP Elijah Jones
Batting: LHB Ricky Sisneros 0-0: SINGLE (Groundball, 6MD, EV 103.8 MPH)
Batting: LHB Jim Matthews 0-0: Foul Ball, location: 3SF
0-1: Called Strike
0-2: Ball
1-2: Strikes out swinging
Batting: RHB Jimmy Powell 0-0: Called Strike
0-1: Ball
1-1: Ball
Wild Pitch!
Ricky Sisneros to second
2-1: SINGLE (Groundball, 6S, EV 88.1 MPH)
Ricky Sisneros to third
Batting: LHB Roger Adkins 0-0: Called Strike
0-1: Foul Ball, location: 2F
0-2: Foul Ball, location: 7LDF
0-2: Strikes out swinging
Batting: RHB Clark Beach 0-0: Ball
1-0: Ball
2-0: Called Strike
2-1: Called Strike
2-2: Strikes out swinging
Top of the 1st over - 0 runs, 2 hits, 0 errors, 2 left on base; Salt Lake 0 - Reno 0
BOTTOM OF THE 1ST
Reno Aces batting - Pitching for Salt Lake Bees : RHP Casey Collins
Pitching: RHP Casey Collins
Batting: RHB Pat Mancini 0-0: Ball
1-0: Ball
2-0: Called Strike
2-1: Foul Ball, location: 9LSF
2-2: Strikes out swinging
Batting: RHB Jeff Sanfillipo 0-0: Ball
1-0: Called Strike
1-1: Ball
2-1: Swinging Strike
2-2: Ball
3-2: Ground out 5-3 (Groundball, 56S, EV 83.1 MPH)
Batting: LHB Eric Hamilton 0-0: Fly out, F4 (Line Drive, 4, EV 73.1 MPH)
Bottom of the 1st over - 0 runs, 0 hits, 0 errors, 0 left on base; Salt Lake 0 - Reno 0
TOP OF THE 2ND
Salt Lake Bees batting - Pitching for Reno Aces : LHP Elijah Jones
Batting: RHB Roberto Lozano 0-0: Called Strike
0-1: Ball
1-1: Foul Ball, location: 25F
1-2: Strikes out swinging
Batting: RHB Xavier Montes 0-0: Called Strike
0-1: Ball
1-1: Ball
2-1: SINGLE (Line Drive, 9S, EV 94.4 MPH)
Batting: RHB Chris Phillips 0-0: Ball
1-0: Called Strike
1-1: Fly out, F9 (Flyball, 9, EV 91.3 MPH)
Batting: LHB Ryan Mascolino 0-0: Ball
1-0: Ground out 6-3 (Groundball, 6MS, EV 78.1 MPH)
Top of the 2nd over - 0 runs, 1 hit, 0 errors, 1 left on base; Salt Lake 0 - Reno 0
BOTTOM OF THE 2ND
Reno Aces batting - Pitching for Salt Lake Bees : RHP Casey Collins
Batting: RHB Melvin Ramos 0-0: Fly out, F8 (Flyball, 8RM, EV 81.3 MPH)
Batting: LHB Eric Lawrence 0-0: Called Strike
0-1: Foul Ball, location: 2F
0-2: Ball
1-2: Ball
2-2: Foul Ball, location: 9LDF
2-2: Ball
3-2: Foul Ball, location: 5F
3-2: Base on Balls
Batting: LHB T.J. Johnson 0-0: Swinging Strike
0-1: Ball
1-1: Ball
2-1: Ball
3-1: DOUBLE (Groundball, 5L, EV 106.3 MPH)
Eric Lawrence to third
Runner from 3rd tries for Home, SAFE, throw by LF to trailing runner, SAFE at third!
Batting: RHB Ben Pruiett 0-0: Called Strike
0-1: Fly out, F5 (Popup, 5SF, EV 65.6 MPH)
Batting: RHB Tim Fender 0-0: Swinging Strike
0-1: Called Strike
0-2: SINGLE (Line Drive, 6M, EV 110.6 MPH)
T.J. Johnson scores
Batting: RHB Josh Leazer 0-0: Swinging Strike
0-1: Ball
1-1: Swinging Strike
1-2: Ball
2-2: Fly out, F8 (Flyball, 8LS, EV 91.3 MPH)
Bottom of the 2nd over - 2 runs, 2 hits, 0 errors, 1 left on base; Salt Lake 0 - Reno 2
TOP OF THE 3RD
Salt Lake Bees batting - Pitching for Reno Aces : LHP Elijah Jones
Batting: LHB Ricky Sisneros 0-0: Foul Ball, location: 7LDF
0-1: SOLO HOME RUN (Flyball, 78XD, EV 99.4 MPH), Distance : 422 ft
Batting: LHB Jim Matthews 0-0: Ball
1-0: SINGLE (Line Drive, 4MD, EV 105.6 MPH)
Batting: RHB Jimmy Powell 0-0: Ball
1-0: SINGLE (Groundball, 4MD, EV 101.3 MPH)
Jim Matthews to second
Batting: LHB Roger Adkins 0-0: Called Strike
0-1: Foul Ball, location: 2F
0-2: Fly out, F7 (Flyball, 7D, EV 88.1 MPH)
Runner from 2nd tags up, SAFE at 3rd, no throw by LF
Batting: RHB Clark Beach 0-0: Foul Ball, location: 2F
0-1: Foul Ball, location: 7LSFF
0-2: Ball
1-2: Foul Ball, location: 25FF
1-2: Fly out, F8 (Line Drive, 8RM, EV 85.6 MPH)
Runner from 3rd tags up, SCORES, throw by CF
Batting: RHB Roberto Lozano 0-0: Called Strike
0-1: Swinging Strike
0-2: Ball
1-2: Ball
2-2: Ball
3-2: Strikes out looking
Top of the 3rd over - 2 runs, 3 hits, 0 errors, 1 left on base; Salt Lake 2 - Reno 2
BOTTOM OF THE 3RD
Reno Aces batting - Pitching for Salt Lake Bees : RHP Casey Collins
Batting: RHB Pat Mancini 0-0: Foul Ball, location: 7LMF
0-1: Ball
1-1: Foul Ball, location: 23F
1-2: Foul Ball, location: 23F
1-2: Strikes out swinging
Batting: RHB Jeff Sanfillipo 0-0: Swinging Strike
0-1: Ball
1-1: Called Strike
1-2: Foul Ball, location: 3F
1-2: Ball
2-2: SINGLE (Groundball, 6MD, EV 106.3 MPH)
Batting: LHB Eric Hamilton 0-0: Called Strike
0-1: Called Strike
0-2: Strikes out swinging
Batting: RHB Melvin Ramos 0-0: Called Strike
0-1: Foul Ball, location: 9LSF
0-2: Strikes out swinging
Bottom of the 3rd over - 0 runs, 1 hit, 0 errors, 1 left on base; Salt Lake 2 - Reno 2
TOP OF THE 4TH
Salt Lake Bees batting - Pitching for Reno Aces : LHP Elijah Jones
Batting: RHB Xavier Montes 0-0: Ball
1-0: Ball
2-0: Foul Ball, location: 2F
2-1: Ball
3-1: Called Strike
3-2: Strikes out swinging
Batting: RHB Chris Phillips 0-0: SINGLE (Line Drive, 7LS, EV 88.8 MPH)
Batting: LHB Ryan Mascolino 0-0: Ball
1-0: Ball
2-0: Called Strike
2-1: Ball
3-1: Foul Ball, location: 3F
3-2: Strikes out swinging
Batting: LHB Ricky Sisneros 0-0: SINGLE (Line Drive, 78M, EV 89.4 MPH)
Chris Phillips to second
Batting: LHB Jim Matthews 0-0: Called Strike
0-1: Ball
1-1: Ball
2-1: Fly out, F6 (Flyball, 56D, EV 90.0 MPH)
Top of the 4th over - 0 runs, 2 hits, 0 errors, 2 left on base; Salt Lake 2 - Reno 2
BOTTOM OF THE 4TH
Reno Aces batting - Pitching for Salt Lake Bees : RHP Casey Collins
Batting: LHB Eric Lawrence 0-0: Ball
1-0: Ball
2-0: Called Strike
2-1: Foul Ball, location: 23FF
2-2: Ball
3-2: Base on Balls
Batting: LHB T.J. Johnson 0-0: Ball
1-0: Bunt - Flyout to 15! F1
Batting: RHB Ben Pruiett 0-0: Called Strike
0-1: Ball
1-1: Ball
2-1: Swinging Strike
2-2: Foul Ball, location: 9LMF
2-2: Ball
3-2: Strikes out swinging
Batting: RHB Tim Fender 0-0: Fly out, F8 (Flyball, 8RM, EV 90.0 MPH)
Bottom of the 4th over - 0 runs, 0 hits, 0 errors, 1 left on base; Salt Lake 2 - Reno 2
TOP OF THE 5TH
Salt Lake Bees batting - Pitching for Reno Aces : LHP Elijah Jones
Batting: RHB Jimmy Powell 0-0: Called Strike
0-1: Ball
1-1: Ball
2-1: Ball
3-1: Ground out 5-3 (Groundball, 56, EV 108.1 MPH)
Batting: LHB Roger Adkins 0-0: Ground out 4-3 (Groundball, 4, EV 110.0 MPH)
Batting: RHB Clark Beach 0-0: Called Strike
0-1: SINGLE (Groundball, 6D, EV 104.4 MPH)
Batting: RHB Roberto Lozano 0-0: Ball
1-0: Called Strike
1-1: Ball
2-1: Ball
3-1: Foul Ball, location: 5F
3-2: Foul Ball, location: 2F
3-2: Ground out 5-3 (Groundball, 56S, EV 91.3 MPH)
Top of the 5th over - 0 runs, 1 hit, 0 errors, 1 left on base; Salt Lake 2 - Reno 2
BOTTOM OF THE 5TH
Reno Aces batting - Pitching for Salt Lake Bees : RHP Casey Collins
Batting: RHB Josh Leazer 0-0: Ground out 1-3 (Groundball, 13, EV 73.8 MPH)
Batting: RHB Pat Mancini 0-0: Called Strike
0-1: Ball
1-1: Swinging Strike
1-2: Strikes out swinging
Batting: RHB Jeff Sanfillipo 0-0: Called Strike
0-1: Foul Ball, location: 2F
0-2: Ball
1-2: Fly out, F8 (Flyball, 8RM, EV 96.9 MPH)
Bottom of the 5th over - 0 runs, 0 hits, 0 errors, 0 left on base; Salt Lake 2 - Reno 2
TOP OF THE 6TH
Salt Lake Bees batting - Pitching for Reno Aces : LHP Elijah Jones
Batting: RHB Xavier Montes 0-0: Ball
1-0: Fly out, F8 (Flyball, 89XD, EV 105.6 MPH)
Batting: RHB Chris Phillips 0-0: SINGLE (Line Drive, 56, EV 96.9 MPH)
Batting: LHB Ryan Mascolino 0-0: Called Strike
0-1: Ground out 5-3 (Groundball, 5, EV 82.5 MPH)
Chris Phillips to second
Batting: LHB Ricky Sisneros 0-0: Swinging Strike
0-1: Ground out 5-3 (Groundball, 56, EV 98.8 MPH)
Top of the 6th over - 0 runs, 1 hit, 0 errors, 1 left on base; Salt Lake 2 - Reno 2
BOTTOM OF THE 6TH
Reno Aces batting - Pitching for Salt Lake Bees : RHP Casey Collins
Batting: LHB Eric Hamilton 0-0: Ball
1-0: Called Strike
1-1: Foul Ball, location: 2F
1-2: SINGLE (Flyball, 89S, EV 90.0 MPH)
Batting: RHB Melvin Ramos 0-0: Called Strike
0-1: Ball
1-1: Ball
2-1: Foul Ball, location: 2F
2-2: Foul Ball, location: 9LMF
2-2: Strikes out swinging
Batting: LHB Eric Lawrence 0-0: Ball
1-0: Ball
2-0: Called Strike
2-1: Grounds into double play, 4-6-3 (Groundball, 4, EV 81.9 MPH)
Bottom of the 6th over - 0 runs, 1 hit, 0 errors, 0 left on base; Salt Lake 2 - Reno 2
TOP OF THE 7TH
Salt Lake Bees batting - Pitching for Reno Aces : LHP Elijah Jones
Pinch Hitting: RHB Jake Foster 0-0: Called Strike
0-1: Ground out 1-3 (Groundball, 15S, EV 69.4 MPH)
Batting: RHB Jimmy Powell 0-0: SOLO HOME RUN (Flyball, 9LD, EV 98.1 MPH), Distance : 368 ft
Pinch Hitting: LHB Bobby Errington 0-0: Foul Ball, location: 7LSF
0-1: Ball
1-1: Ball
2-1: Fly out, F8 (Flyball, 8LM, EV 86.9 MPH)
Batting: RHB Clark Beach 0-0: Ball
1-0: Fly out, F3 (Popup, 3SF, EV 80.0 MPH)
Top of the 7th over - 1 run, 1 hit, 0 errors, 0 left on base; Salt Lake 3 - Reno 2
BOTTOM OF THE 7TH
Reno Aces batting - Pitching for Salt Lake Bees : RHP Casey Collins
Now in LF: Bobby Errington
Now in RF: Jordan Anderson
Batting: LHB T.J. Johnson 0-0: Swinging Strike
0-1: Fly out, F8 (Flyball, 8LM, EV 88.1 MPH)
Batting: RHB Ben Pruiett 0-0: SINGLE (Groundball, 34D, EV 105.6 MPH)
Pitching: RHP Vic Correa
Batting: RHB Tim Fender 0-0: Ball
1-0: Swinging Strike
1-1: Called Strike
1-2: Foul Ball, location: 9LSF
1-2: Strikes out swinging
Pinch Hitting: LHB Josh Jessey 0-0: Ground out 4-3 (Groundball, 4, EV 86.3 MPH)
Bottom of the 7th over - 0 runs, 1 hit, 0 errors, 1 left on base; Salt Lake 3 - Reno 2
TOP OF THE 8TH
Salt Lake Bees batting - Pitching for Reno Aces : LHP Elijah Jones
Now at 3B: Ron Ellis
Batting: RHB Roberto Lozano 0-0: Called Strike
0-1: SINGLE (Flyball, 8RS, EV 98.8 MPH)
Batting: RHB Xavier Montes 0-0: Foul Ball, location: 25FF
0-1: Foul Ball, location: 7LDF
0-2: Fly out, F4 (Popup, 4M, EV 51.3 MPH)
Batting: RHB Chris Phillips 0-0: Called Strike
0-1: Foul Ball, location: 25FF
0-2: Foul Ball, location: 2F
0-2: Ball
1-2: Foul Ball, location: 2F
1-2: Strikes out looking
Pitching: RHP Sam Acevedo
Batting: LHB Ryan Mascolino 0-0: Ball
1-0: Called Strike
1-1: Ball
2-1: SINGLE (Groundball, 4MD, EV 106.3 MPH)
Roberto Lozano to second
Runner from 2nd tries for 3rd, SAFE, no throw by CF
Batting: LHB Ricky Sisneros 0-0: Called Strike
0-1: Ball
1-1: Swinging Strike
1-2: Ball
2-2: Ball
3-2: Foul Ball, location: 3SF
3-2: Foul Ball, location: 7LMFF
3-2: Foul Ball, location: 25F
3-2: Ground out 4-3 (Groundball, 34D, EV 100.6 MPH)
Top of the 8th over - 0 runs, 2 hits, 0 errors, 2 left on base; Salt Lake 3 - Reno 2
BOTTOM OF THE 8TH
Reno Aces batting - Pitching for Salt Lake Bees : RHP Vic Correa
Batting: RHB Pat Mancini 0-0: Ball
1-0: Ground out U3 (Groundball, 34, EV 92.5 MPH)
Batting: RHB Jeff Sanfillipo 0-0: Called Strike
0-1: Ball
1-1: Called Strike
1-2: Foul Ball, location: 25F
1-2: Strikes out swinging
Batting: LHB Eric Hamilton 0-0: Swinging Strike
0-1: Ball
1-1: Called Strike
1-2: Foul Ball, location: 2F
1-2: Foul Ball, location: 9LMF
1-2: Ball
2-2: Strikes out swinging, 2-3 out at first.
Bottom of the 8th over - 0 runs, 0 hits, 0 errors, 0 left on base; Salt Lake 3 - Reno 2
TOP OF THE 9TH
Salt Lake Bees batting - Pitching for Reno Aces : RHP Sam Acevedo
Batting: LHB Jordan Anderson 0-0: Called Strike
0-1: Ball
1-1: SOLO HOME RUN (Flyball, 89XD, EV 113.8 MPH), Distance : 448 ft
Batting: RHB Jimmy Powell 0-0: Swinging Strike
0-1: Ball
1-1: Ball
2-1: Called Strike
2-2: Foul Ball, location: 9LDF
2-2: Ball
3-2: Strikes out looking
Batting: LHB Bobby Errington 0-0: Called Strike
0-1: Ball
1-1: Ground out 4-3 (Groundball, 4D, EV 79.4 MPH)
Batting: RHB Clark Beach 0-0: Called Strike
0-1: Ball
1-1: Swinging Strike
1-2: Foul Ball, location: 23FF
1-2: Fly out, F7 (Flyball, 78M, EV 88.1 MPH)
Top of the 9th over - 1 run, 1 hit, 0 errors, 0 left on base; Salt Lake 4 - Reno 2
BOTTOM OF THE 9TH
Reno Aces batting - Pitching for Salt Lake Bees : RHP Vic Correa
Now at 1B: Bobby Boatright
Batting: RHB Melvin Ramos 0-0: Ball
1-0: Called Strike
1-1: Ground out 3-1 (Groundball, 34, EV 81.9 MPH)
Batting: LHB Eric Lawrence 0-0: Ball
1-0: Ball
2-0: Ball
3-0: Base on Balls
Batting: LHB T.J. Johnson 0-0: Ball
1-0: Called Strike
1-1: Ball
Wild Pitch!
Eric Lawrence to second
2-1: Ball
3-1: Foul Ball, location: 25FF
3-2: Strikes out swinging
Batting: LHB Nick Gough 0-0: Ball
1-0: Ball
2-0: Hit by Pitch
Pitching: RHP Eduardo Astudillo
Batting: RHB Tim Fender 0-0: Foul Ball, location: 9LDF
0-1: Ball
1-1: Ball
2-1: Ball
3-1: Fly out, F3 (Popup, 3SF, EV 73.1 MPH)
Bottom of the 9th over - 0 runs, 0 hits, 0 errors, 2 left on base; Salt Lake 4 - Reno 2
Saturday, April 13th , 2024 - OOTP Baseball 24.11 Build 85